 Dungeon Crawl Stone Soup version 0.28.0-53-g5a82cb258f (webtiles) character file.

Game seed: 10503434680687354024

1916 oldmanjim the Grappler (level 8, 0/63 HPs)
             Began as a Pale Draconian Transmuter on Aug 2, 2022.
             Was an Initiate of Okawaru.
             Succumbed to a kobold brigand's curare-tipped dart
             ... on level 6 of the Dungeon.
             The game lasted 00:47:41 (6128 turns).

oldmanjim the Grappler (Pale Draconian Transmuter)  Turns: 6128, Time: 00:47:42

Health: 0/63       AC:  2    Str: 14    XL:     8   Next: 95%
Magic:  12/12      EV: 24    Int: 21    God:    Okawaru [......]
Gold:   213        SH:  0    Dex: 16    Spells: 5/13 levels left

rFire   . . .      SeeInvis .     - Unarmed
rCold   . . .      Faith    .   (shield currently unavailable)
rNeg    . . .      Spirit   .   (armour unavailable)
rPois   x          Reflect  .   (helmet currently unavailable)
rElec   .          Harm     .   (cloak currently unavailable)
rCorr   .          Rampage  .   (gloves currently unavailable)
Will    .....                   (boots currently unavailable)
Stlth   +.........              x - amulet of magic regeneration
HPRegen 0.20/turn               o - +6 ring of intelligence
MPRegen 0.53/turn               A - +4 ring of evasion

@: lethally poisoned (0 -> -4), spider-form, slowed, very slow
A: venomous fangs, (breathe steam), AC +6, tiny, unfitting armour,
(cold-blooded), (steam resistance)
a: End Transformation, Renounce Religion


You were on level 6 of the Dungeon.
You worshipped Okawaru.
Okawaru was noncommittal.
You were a venomous arachnid creature.
You visited 2 branches of the dungeon, and saw 7 of its levels.

You collected 315 gold pieces.
You spent 102 gold pieces at shops.

Inventory:

Hand Weapons
 q - a +1 dagger of flaming
Missiles
 h - 219 stones
 i - 16 sling bullets
 k - 27 poisoned darts
 t - 3 javelins
 C - a boomerang
Armour
 n - a +0 cloak (melded)
 s - a +0 pair of gloves (melded)
 B - a +2 pair of boots (melded)
Jewellery
 o - a +6 ring of intelligence (left front leg)
 x - an amulet of magic regeneration (around neck)
 y - a ring of positive energy
 A - a +4 ring of evasion (right front leg)
Wands
 r - a wand of acid (15)
Scrolls
 b - a scroll of magic mapping
 f - 3 scrolls of fog {unknown}
 g - a scroll of noise {unknown}
 j - 4 scrolls of teleportation {unknown}
 l - a scroll of immolation
 m - a scroll of torment {unknown}
 v - a scroll of blinking {unknown}
 w - a scroll of identify {unknown}
 z - a scroll of amnesia {unknown}
Potions
 a - 4 potions of flight
 c - a potion of degeneration {unknown}
 p - 2 potions of lignification {unknown}
 u - a potion of magic {unknown}


   Skills:
 + Level 3.2 Fighting
 - Level 3.0 Dodging
 - Level 8.0 Unarmed Combat
 + Level 3.1 Spellcasting
 - Level 6.0 Transmutations
 + Level 3.1 Ice Magic
 - Level 2.0 Poison Magic
 - Level 3.0 Evocations


You had 5 spell levels left.
You knew the following spells:

 Your Spells              Type           Power      Damage    Failure   Level
a - Beastly Appendage     Tmut           56%        N/A       5%          1
b - Spider Form           Tmut/Pois      20%        N/A       21%         3
c - Ice Form              Ice/Tmut       22%        N/A       41%         4

Your spell library contained the following spells:

 Spells                   Type           Power      Damage    Failure   Level
 Wereblood                Tmut           28%        N/A       7%          2
 Passwall                 Tmut/Erth      12%        N/A       17%         2
 Ensorcelled Hibernation  Hex/Ice        18%        N/A       26%         2
 Gell's Gravitas          Tloc           3%         N/A       58%         3
 Inner Flame              Hex/Fire       3%         N/A       58%         3
 Lesser Beckoning         Tloc           3%         N/A       58%         3
 Swiftness                Air            3%         N/A       58%         3
 Teleport Other           Tloc           3%         N/A       58%         3
 Anguish                  Hex/Necr       1%         N/A       91%         4
 Cause Fear               Hex            1%         N/A       91%         4
 Discord                  Hex            1%         N/A       100%        8


Dungeon Overview and Level Annotations

Branches:
Dungeon (6/15)             Temple (1/1) D:6

Altars:
Ashenzari
Dithmenos
Elyvilon
Gozag
Kikubaaqudgha
Makhleb
Okawaru
Ru
Sif Muna
Trog
Uskayaw
Vehumet
Wu Jian
Xom
Zin
The Shining One

Shops:
D:4 =(*!(


Innate Abilities, Weirdness & Mutations

You are a venomous arachnid creature.
You have poisonous fangs.
You are tiny and dextrous.
Your spellcasting is less reliable in this form.
Your armour is entirely melded.
You are incapable of wielding weapons or throwing items.
((You can breathe blasts of scalding, opaque steam.))
((Your pale cyan-grey scales are hard. (AC +6)))
You cannot fit into any form of body armour.
((You are cold-blooded and may be slowed by cold attacks.))
((You are immune to the effects of steam.))


Message History

The kobold hits you but does no damage.
You barely miss the kobold brigand.
The kobold brigand is moderately wounded.
You feel very sick. The kobold misses you. The kobold closely misses you.
The kobold brigand misses you. The kobold closely misses you. x2
The kobold completely misses you.
You bite the kobold brigand!
The kobold brigand looks as sick as possible!
The kobold brigand is severely wounded.
You feel very sick.
The kobold brigand hits you with a +0 dagger!
* * * LOW HITPOINT WARNING * * *
The kobold closely misses you.
The kobold hits you with a +0 short sword.
* * * LOW HITPOINT WARNING * * *
The kobold hits you with a +0 dagger.
* * * LOW HITPOINT WARNING * * *
The kobold brigand hits you with a +0 dagger.
* * * LOW HITPOINT WARNING * * *
As you read the scroll of fear, it crumbles to dust.
You assume a fearsome visage.
The centaur skeleton is unaffected.
The kobold brigand looks frightened!
The kobold looks frightened! x3
* * * LOW HITPOINT WARNING * * *
You feel very sick.
You kill the kobold brigand!
Okawaru accepts your kill.
You kill the kobold!
Okawaru accepts your kill. The centaur skeleton misses you. x2
* * * LOW HITPOINT WARNING * * *
You feel sick. The centaur skeleton barely misses you.
The centaur skeleton kicks you but does no damage.
Things that are here:
a +0 dagger; 9 gold pieces; a kobold corpse
* * * LOW HITPOINT WARNING * * *
You feel sick.
Cornered, the kobold turns to fight!
The centaur skeleton completely misses you. x2
You drop 5 potions of curing.
You die...

### ..# ##.## ###
######...####.##
#.K............
####....Zs....##.# #######
#.....).......##.###...).#
...#######....#...##.###.)
#.# #......#......#.# #.#
#...K.....#.#.#.# #.#
#.....#.#.#.....# #.#
#............#..# ...
#.#####<.###...## #.# ####
#.# ##.# ##.##


You could see 2 kobolds and a centaur skeleton.

Vanquished Creatures
  A centaur zombie (D:6)
  A water moccasin (D:5)
  Edmund (D:6)
  A sky beast (D:6)
  A hornet zombie (D:5)
  A necrophage (D:5)
  An ogre (D:5)
  A kobold brigand (D:6)
  A scorpion (D:5)
  A water moccasin skeleton (D:5)
  3 wights (D:6)
  2 bullfrog zombies (D:5)
  2 jellies
  3 centaur skeletons
  2 orc priests (D:6)
  2 hounds (D:5)
  A bullfrog skeleton (D:5)
  4 iguanas
  2 orc wizards (D:6)
  Robin (D:2)
  8 adders
  A howler monkey skeleton (D:5)
  2 ufetubi
  2 worms (D:3)
  A dart slug (D:4)
  10 orcs
  5 endoplasms
  4 giant cockroaches
  14 goblins
  13 hobgoblins
  6 jackals
  3 quokkas
  6 ball pythons
  7 bats
  5 frilled lizards
  9 kobolds
  7 rats
135 creatures vanquished.

Vanquished Creatures (others)
  A fungus (D:5)
1 creature vanquished.

Grand Total: 136 creatures vanquished

Notes
Turn   | Place    | Note
-------+----------+-------------------------------------------
     0 | D:1      | oldmanjim the Draconian Transmuter began the quest for the
                  | Orb.
     0 | D:1      | Reached XP level 1. HP: 16/16 MP: 3/3
   204 | D:1      | Reached XP level 2. HP: 23/23 MP: 3/5
  1037 | D:2      | Noticed Robin
  1045 | D:1      | Reached XP level 3. HP: 12/28 MP: 4/6
  1486 | D:2      | Killed Robin
  1487 | D:2      | Reached XP level 4. HP: 25/35 MP: 8/8
  1747 | D:2      | Found a faded altar of an unknown god.
  1759 | D:2      | Learned a level 3 spell: Spider Form
  2165 | D:3      | Reached skill level 4 in Unarmed Combat
  2294 | D:3      | You fall into a shaft and drop 3 floors!
  2310 | D:5      | Entered Level 5 of the Dungeon
  2330 | D:5      | Reached skill level 1 in Poison Magic
  2330 | D:5      | Reached XP level 5. HP: 24/40 MP: 9/9
  3149 | D:4      | Found Hot Veri's Assorted Antiques.
  3161 | D:4      | Bought a scroll labelled WOUSME QENIRR for 18 gold pieces
  3191 | D:4      | Found Jairaish's Distillery.
  3194 | D:4      | Bought a potion of curing for 42 gold pieces
  3194 | D:4      | Bought a potion of flight for 42 gold pieces
  3240 | D:4      | Found Qetetogitoe's Jewellery Shop.
  3275 | D:4      | Found Ygeapnam's Weapon Shop.
  3370 | D:4      | Reached XP level 6. HP: 41/47 MP: 3/10
  3435 | D:4      | Found Yfeyzut's Antique Weapon Emporium.
  3534 | D:4      | Reached skill level 5 in Unarmed Combat
  4028 | D:5      | Your scales start taking on a pale cyan-grey colour.
  4028 | D:5      | Reached XP level 7. HP: 55/56 MP: 11/11
  4028 | D:5      | Gained mutation: You are immune to the effects of steam.
                  | [Pale Draconian growth]
  4035 | D:5      | Found a radiant altar of Vehumet.
  4296 | D:5      | Reached skill level 1 in Evocations
  4493 | D:5      | Reached skill level 5 in Transmutations
  4634 | D:5      | Reached skill level 6 in Unarmed Combat
  4728 | D:5      | Found a white marble altar of Elyvilon.
  5079 | D:6      | Reached XP level 8. HP: 51/63 MP: 12/12
  5082 | D:6      | Reached skill level 7 in Unarmed Combat
  5254 | D:6      | Found a sacrificial altar of Ru.
  5313 | D:6      | Learned a level 4 spell: Ice Form
  5577 | D:6      | Reached skill level 1 in Ice Magic
  5684 | D:6      | Found a staircase to the Ecumenical Temple.
  5688 | Temple   | Entered the Ecumenical Temple
  5903 | Temple   | Became a worshipper of Warmaster Okawaru
  5972 | D:6      | Noticed Edmund
  5989 | D:6      | Killed Edmund
  6005 | D:6      | Reached skill level 8 in Unarmed Combat
  6126 | D:6      | HP: 3/63 [poisoned by a kobold brigand (curare-tipped
                  | dart)]
  6127 | D:6      | HP: 1/63 [poisoned by a kobold brigand (curare-tipped
                  | dart)]
  6128 | D:6      | Succumbed to a kobold brigand's curare-tipped dart

Illustrated notes

Levels and vault maps discovered:
D:1:      amcnicky_arrival_single_pillar, layout_rooms, st_stairs_10,
          minmay_octomino_c4
D:2:      layout_rooms, dreamdust_ecumenical_altar_grove, uniq_robin
D:3:      layout_rooms
D:4:      layout_basic, serial_shops, kennysheep_mini_moat, shop, shop, shop,
          shop
D:5:      layout_cave_pods, mainiacjoe_overflow_chevrons, elyvilon_altar_5,
          minmay_door_square
D:6:      layout_loops_ring, nicolae_ru_great_annihilating_truth,
          minmay_temple_entry_steel_oval, uniq_edmund
Temple:   nicolae_temple_figure_eight

Skill      XL: |  1  2  3  4  5  6  7  8 |
---------------+-------------------------+-----
Transmutations | 3 4 5 6 |  6.0
Spellcasting   | 3 |  3.1
Unarmed Combat | 4 5 6 8 |  8.0
Poison Magic   | 1 2 |  2.0
Fighting       | 2 3 |  3.2
Evocations     | 3 |  3.0
Dodging        | 3 |  3.0
Ice Magic      | 3 |  3.1

Action                   |  1- 3 |  4- 6 |  7- 9 || total
-------------------------+-------+-------+-------++-------
Melee: Unarmed           |   108 |   156 |   135 ||   399
       Headbutt          |     8 |    16 |     7 ||    31
       Kick              |    16 |    35 |    12 ||    63
       Tailslap          |    10 |    14 |    13 ||    37
       Punch             |     1 |     3 |     4 ||     8
Throw: Stone             |     8 |       |       ||     8
       Dart              |       |     4 |       ||     4
 Cast: Beastly Appendage |    24 |    23 |     9 ||    56
       Spider Form       |       |     4 |     9 ||    13
 Abil: Breathe Steam     |       |       |     1 ||     1
  Use: Scroll            |       |     3 |     1 ||     4
 Stab: Sleeping          |       |     2 |       ||     2
       Paralysed         |       |       |     1 ||     1
Armor: Skin              |    52 |    41 |    27 ||   120
Dodge: Dodged            |    87 |    71 |   112 ||   270
